 Dungeon Crawl Stone Soup version 0.28.0-43-g3370ac3207 (webtiles) character file.

Game seed: 8824336774613823171

53 Revguard the Ducker (level 4, 0/34 HPs)
             Began as a Djinni Gladiator on Mar 10, 2022.
             Was a Follower of Dithmenos.
             Killed by divine providence
             ... invoked by an orc priest
              (14 damage)
             ... on level 3 of the Dungeon.
             The game lasted 00:06:02 (2567 turns).

Revguard the Ducker (Djinni Gladiator)              Turns: 2567, Time: 00:06:03

Health: 0/34       AC:  9    Str: 11 (13) XL:     4   Next: 11%
Gold:   60         EV: 12    Int: 14 (17) God:    Dithmenos [*.....] SH:  0 Dex: 13 (15)

rFire   + + .      SeeInvis .   r - +0 dagger (protect)
rCold   x . .      Faith    .   (no shield)
rNeg    . . .      Spirit   .   b - +0 leather armour
rPois   ∞          Reflect  .   (helmet restricted)
rElec   .          Harm     .   q - +0 cloak
rCorr   .          Rampage  .   (no gloves)
Will    .....                   (boots unavailable)
Stlth   +.........              (no amulet)
HPRegen 0.91/turn               l - +6 ring of intelligence
MPRegen 0.00/turn               (no ring)

@: mighty, under a protective aura, flying, wreathed by umbra
A: sickness immunity, fire resistance 2, cold vulnerability 1, float, innate
caster, HP casting, extra vitality 1, horns 1, deformed body, regeneration 1
a: Renounce Religion


You were on level 3 of the Dungeon.
You worshipped Dithmenos.
Dithmenos was aware of your devotion.
You visited 1 branch of the dungeon, and saw 3 of its levels.

You collected 60 gold pieces.

Inventory:

Hand Weapons
 a - a +0 quarterstaff
 i - a +0 dagger
 r - a +0 dagger of protection (weapon)
Missiles
 d - 3 throwing nets (quivered)
Armour
 b - a +0 leather armour (worn)
 c - a +0 helmet
 q - a +0 cloak (worn)
Jewellery
 l - a +6 ring of intelligence (left hand)
Scrolls
 e - 2 scrolls of teleportation {unknown}
 f - 3 scrolls of identify {unknown}
 h - a scroll of amnesia {unknown}
 k - a scroll of torment {unknown}
 n - a scroll of noise {unknown}
 o - 2 scrolls of fear {unknown}
Potions
 m - a potion of magic


   Skills:
 + Level 2.3 Fighting
 + Level 0.3 Short Blades
 - Level 2.9 Staves
 - Level 1.5 Throwing
 + Level 1.1 Armour
 + Level 3.7 Dodging
 * Level 1.1 Spellcasting
 + Level 0.2 Invocations


You had 4 spell levels left.
You knew the following spells:

 Your Spells              Type           Power      Damage    Failure   Level
a - Apportation           Tloc           6%         N/A       22%         1
Your spell library was empty.

Dungeon Overview and Level Annotations

Branches:
Dungeon (3/15)

Altars:
Dithmenos
Ru

Shops:
D:1 [


Innate Abilities, Weirdness & Mutations

You are immune to sickness and miasma.
You are immune to poison.
Your flesh is very heat resistant. (rF++)
You are vulnerable to cold. (rC-)
You float through the air rather than walking.
You learn spells naturally, not from books.
Your magical power is your life essence.
You have superior vitality. (+4 MHP)
You have a pair of small horns on your head.
Armour fits poorly on your strangely shaped body.
Your natural rate of healing is unusually fast.


Message History

The orc hits you but does no damage.
It was a potion of curing.
You feel better. The orc barely misses you.
You hit the orc.
You kill the orc!
Dithmenos accepts your kill.
You closely miss the orc. The orc completely misses you.
The orc priest calls down the wrath of Beogh upon you.
Beogh smites you!
You closely miss the orc. The orc misses you.
The orc priest looks satisfied for a moment.
It was a potion of might.
You feel very mighty all of a sudden. The orc hits you but does no damage.
You completely miss the orc. The orc misses you.
It was a potion of magic.
Magic washes over you without effect. The orc barely misses you.
It was a potion of mutation.
You feel extremely strange. A pair of horns grows on your head!
Your +0 helmet falls away!
You feel frail.
You feel insulated. The orc hits you but does no damage.
It was a potion of degeneration.
There was something very wrong with that liquid.
You feel weakened.
You feel dopey.
You feel clumsy. The orc hits you with a +0 mace.
Really quaff the potion of mutation?
You feel extremely strange.
You feel conductive.
You feel robust.
Your body twists and deforms.
You begin to heal more quickly.
The orc closely misses you.
You barely miss the orc. The orc hits you with a +0 mace.
You puncture the orc!
Your weapon exudes an aura of protection.
You kill the orc!
Dithmenos accepts your kill.
You hit the worm.
The worm is moderately wounded.
The orc priest invokes the aid of Beogh against you.
Beogh smites you!
You die...

##...)...##
#.........### ##
+............ ### #.
#............ ##.####
##.......#.## #...#
##.†...##.# ##.##
##oo.## # ##...##
##w## #.....# #@#
##...## #.# ##.....##
##.##### ##.......#
##......# #.........
#.......# ##.......#
##......###.........
.###.##.###..........
.........#...........
.###.###.............


You could see a worm, an orc priest and an orc.

Vanquished Creatures
  A dart slug (D:1)
  4 orcs (D:3)
  A ball python (D:1)
  7 endoplasms
  12 goblins
  4 hobgoblins
  6 kobolds
  4 bats (D:1)
  2 frilled lizards (D:1)
  2 rats
43 creatures vanquished.

Notes
Turn   | Place    | Note
-------+----------+-------------------------------------------
     0 | D:1      | Revguard the Djinni Gladiator began the quest for the Orb.
     0 | D:1      | Reached XP level 1. HP: 18/18 MP: 0/0
   246 | D:1      | Reached XP level 2. HP: 19/23 MP: 0/0
   665 | D:1      | Found Tycloceore's Antique Armour Emporium.
   699 | D:1      | Reached XP level 3. HP: 28/28 MP: 0/0
   699 | D:1      | Learned a level 1 spell: Apportation
   902 | D:1      | Found a faded altar of an unknown god.
   911 | D:1      | Prayed at the altar of an unknown god.
   911 | D:1      | Became a worshipper of Dithmenos the Shadowed
   911 | D:1      | Reached * piety under Dithmenos
  1126 | D:1      | Reached skill level 1 in Armour
  1532 | D:2      | Reached skill level 1 in Spellcasting
  2338 | D:3      | Found a sacrificial altar of Ru.
  2531 | D:3      | Reached XP level 4. HP: 33/34 MP: 0/0
  2562 | D:3      | Gained mutation: You have a pair of small horns on your
                  | head. [potion of mutation]
  2562 | D:3      | Gained mutation: You are frail. (-10% HP) [potion of
                  | mutation]
  2562 | D:3      | Gained mutation: You are resistant to electric shocks.
                  | (rElec) [potion of mutation]
  2564 | D:3      | Lost mutation: You are resistant to electric shocks.
                  | (rElec) [potion of mutation]
  2564 | D:3      | Lost mutation: You are frail. (-10% HP) [potion of
                  | mutation]
  2564 | D:3      | Gained mutation: Armour fits poorly on your strangely
                  | shaped body. [potion of mutation]
  2564 | D:3      | Gained mutation: Your natural rate of healing is unusually
                  | fast. [potion of mutation]
  2567 | D:3      | Killed from afar by an orc priest

Illustrated notes

Levels and vault maps discovered:
D:1:      shiori_arrival_oz, layout_rooms, ebering_ecumenical_altar_petrified,
          serial_shops, nicolae_shop_hallway_stairs
D:2:      layout_basic
D:3:      layout_loops_corners, nicolae_ru_path_of_blood,
          gammafunk_temple_overflow_claw, roderic_roman_lattice, st_stairs_2,
          nicolae_figureground_pulse

Skill      XL: |  1  2  3 |
---------------+----------+-----
Armour         | 1 |  1.1
Spellcasting   | 1 |  1.1
Fighting       | |  2.3
Short Blades   | |  0.3
Staves         | |  2.9
Throwing       | |  1.5
Dodging        | |  3.7
Invocations    | |  0.2

Action                   |  1- 3 |  4- 6 || total
-------------------------+-------+-------++-------
Melee: Quarterstaff      |    82 |       ||    82
       Dagger            |   101 |    15 ||   116
       Punch             |     2 |       ||     2
 Cast: Apportation       |     1 |       ||     1
  Use: Potion            |       |     6 ||     6
 Stab: Sleeping          |     2 |       ||     2
Armor: Leather armour    |    48 |     3 ||    51
Dodge: Dodged            |   129 |    10 ||   139
